 Dungeon Crawl Stone Soup version 0.21.1-1-g345015f (webtiles) character file.

22 inc the Chiller (level 2, -3/17 HPs)
             Began as an Octopode Ice Elementalist on June 17, 2018.
             Slain by a gnoll
             ... wielding a +0 flail
              (9 damage)
             ... on level 2 of the Dungeon.
             The game lasted 00:01:20 (937 turns).

inc the Chiller (Octopode Ice Elementalist)          Turns: 937, Time: 00:01:20

Health: -3/17      AC:  1    Str:  4 (7)  XL:     2   Next: 91%
Magic:  5/5        EV: 13    Int: 14 (17) God:
Gold:   69         SH:  0    Dex: 11 (12) Spells: 4/5 levels left

rFire    . . .     SeeInvis .   d - +0 short sword
rCold    . . .     Gourm    .   (no shield)
rNeg     . . .     Faith    .   (helmet restricted)
rPois    .         Spirit   .   (no amulet)
rElec    .         Reflect  .   (no ring)
rCorr    .         Harm     .   (no ring)
MR       .....                  (no ring)
Stlth    +++.......             (no ring)
HPRegen  0.05/turn              (no ring)
MPRegen  0.09/turn              (no ring)
                                (no ring)
                                (no ring)

@: no status effects
A: almost no armour, stealthy swim, amphibious, 8 rings, constrict 8, camouflage
1, gelatinous body 1
a: no special abilities


You were on level 2 of the Dungeon.
You were not hungry.

You visited 1 branch of the dungeon, and saw 2 of its levels.

You collected 69 gold pieces.

Inventory:

Hand Weapons
 d - a +0 short sword (weapon)
Jewellery
 i - an uncursed ring of ice {unknown}
Scrolls
 c - a scroll of enchant armour {unknown}
 f - a scroll of remove curse {unknown}
Potions
 g - a potion of agility {unknown}
 h - a potion of heal wounds {unknown}
Books
 a - a book of Frost

   Spells                             Type                      Level
   a - Freeze                         Ice                          1
   b - Throw Frost                    Conjuration/Ice              2
   c - Ozocubu's Armour               Charms/Ice                   3
   d - Throw Icicle                   Conjuration/Ice              4
   e - Summon Ice Beast               Ice/Summoning                4
Comestibles
 b - 2 rations


   Skills:
 - Level 2.0 Dodging
 - Level 2.6 Stealth
 - Level 2.0 Spellcasting
   Level 1.0 Conjurations
 + Level 4.0 Ice Magic


You had 4 spell levels left.
You knew the following spells:

 Your Spells              Type           Power        Failure   Level  Hunger
a - Freeze                Ice            ##..         4%          1    ##.....


Dungeon Overview and Level Annotations

Branches:
Dungeon (2/15)

Altars:

Annotations:
D:2 Robin


Innate Abilities, Weirdness & Mutations

You cannot wear most types of armour.
You are very stealthy in the water. (Stealth+)
You are amphibious.
You can wear up to eight rings at the same time.
You can use your tentacles to constrict eight enemies at once.
Your skin changes colour to match your surroundings (Stealth+).
Your rubbery body absorbs attacks. (AC +1, EV +1)


Message History

Unknown command.
Unknown command.
Okay, then.
It was a potion of degeneration.
There was something very wrong with that liquid.
You feel weakened.
You feel dopey.
You feel clumsy.
The goblin shouts!
You tear a large gash into the net.
The goblin hits you. The rat barely misses you.
A goblin and Robin come into view.
Robin is wielding a spear of venom.
You struggle against the net.
The goblin hits you with a club. The goblin barely misses you. x2
Robin roars a battlecry!
The goblins go into a battle-frenzy!
The rat bites you.
A goblin comes into view.
Unknown command.
You rip the net and break free!
The gnoll hits you with a flail!
Ouch! That really hurt!
You die...

........#
........#
........#
....g....
........#
...g..gg#######
....ggggrS.[...
..g.ggg@#
##gg##g## #. ..
###


You could see Robin, 4 gnolls, an adder, 3 hobgoblins, 7 goblins and a rat.

Vanquished Creatures
  A leopard gecko (D:1)
  4 giant cockroaches (D:1)
  6 jackals (D:1)
  3 kobolds (D:1)
  A goblin (D:1)
  2 rats (D:1)
17 creatures vanquished.

Notes
Turn   | Place    | Note
-------+----------+-------------------------------------------
     0 | D:1      | inc the Octopode Ice Elementalist began the quest for the Orb.
     0 | D:1      | Reached XP level 1. HP: 11/11 MP: 3/3
   300 | D:1      | Reached XP level 2. HP: 17/17 MP: 5/5
   583 | D:1      | Reached skill level 4 in Ice Magic
   936 | D:2      | Noticed Robin
   937 | D:2      | Slain by a gnoll

Skill      XL: |  1  2 |
---------------+-------+-----
Ice Magic      | 4 |  4.0
Dodging        | |  2.0
Stealth        | |  2.6
Spellcasting   | |  2.0
Conjurations   | |  1.0

Action                   || total
-------------------------++-------
Melee: Short sword       ||    25
       Unarmed           ||     4
       Constrict         ||    10
       Tentacles         ||     4
 Cast: Freeze            ||    13
  Use: Potion            ||     1
 Stab: Sleeping          ||     4
Armor: Skin              ||     4
Dodge: Dodged            ||    37
